 Dungeon Crawl Stone Soup version 0.32-a0-20-ge526923d97 (webtiles) character file.

Game seed: 7925451068467876546

83 jasper the Grasshopper (level 4, 0/54 HPs)
             Began as an Armataur Warper on Jan 18, 2024.
             Succumbed to an adder's poison
             ... on level 2 of the Dungeon.
             The game lasted 00:02:51 (1132 turns).

jasper the Grasshopper (Armataur Warper)            Turns: 1132, Time: 00:02:52

Health: 0/54       AC: 22    Str: 17    XL:     4   Next: 22%
Magic:  7/7        EV:  1    Int: 15    God:
Gold:   49         SH:  0    Dex:  9    Spells: 3/7 levels left

rFire   . . .        a - +0 falchion
rCold   . . .        (no shield)
rNeg    . . .        l - melded +0 robe {Will+}
rPois   +            f - melded +2 hat
rElec   .            m - melded scarf {shadows}
rCorr   .            (gloves currently unavailable)
SInv    .            (no barding)
Will    .....        (no amulet)
Stlth   +            (no ring)
HPRegen 0.29/turn    (no ring)
MPRegen 0.10/turn

%: roll
@: lethally poisoned (0 -> -2), tree-form
A: stationary, stasis, torment immunity, boosted hp, large, (deformed body),
(tough skin 3), (armoured tail), roll 1
a: no special abilities


You were on level 2 of the Dungeon.
You were a tree.
You visited 1 branch of the dungeon, and saw 2 of its levels.

You collected 49 gold pieces.

Inventory:

Hand Weapons
 a - a +0 falchion (weapon)
 i - a +0 short sword
 o - a +0 dagger
Missiles
 d - 7 darts of dispersal
 k - 21 stones
Armour
 b - a +0 leather armour
 f - a +2 hat (melded)
 h - a +0 robe
 l - a +0 robe of willpower (melded)
 m - a scarf of shadows (melded)
Scrolls
 c - a scroll of blinking
 j - a scroll of identify {unknown}
 n - a scroll of enchant weapon {unknown}


   Skills:
 + Level 2.2 Fighting
 * Level 2.5 Long Blades
 - Level 0.8 Throwing
 - Level 1.2 Armour
 - Level 1.3 Dodging
 + Level 1.3 Stealth
 - Level 2.0 Spellcasting
 - Level 4.0 Translocations


You had 3 spell levels left.
You knew the following spells:

 Your Spells              Type           Power      Damage    Failure   Level
a - Blink                 Tloc           26%        N/A       6%          2
b - Lesser Beckoning      Tloc           26%        N/A       6%          2

Your spell library contained the following spells:

 Spells                   Type           Power      Damage    Failure   Level
 Teleport Other           Tloc           13%        N/A       13%         3
 Manifold Assault         Tloc           13%        N/A       38%         4
 Vhi's Electric Charge    Tloc/Air       14%        N/A       67%         4


Dungeon Overview and Level Annotations

Branches:
Dungeon (2/15)

Altars:


Innate Abilities, Weirdness & Mutations

You are a tree.
Your roots penetrate the ground, keeping you stationary.
You cannot be teleported.
You are immune to unholy pain and torment.
Your maximum health is greatly increased.
Your equipment is partially melded.
((Armour fits poorly on your strangely shaped body.))
((You have extremely tough skin. (AC +3)))
((You have a long armoured tail.))
You regenerate magic when rolling toward enemies. (Rampage MPRegen)


Message History

You take 1 damage, and have 7/36 hp.
You now have 5/7 mp.
You feel sick.
You take 1 damage, and have 6/36 hp.
You feel sick.
You are no longer poisoned.
You roll towards the adder!
You completely miss the adder.
The adder is severely wounded.
The adder bites you but does no damage. x2
You hit the adder.
The adder is almost dead.
The adder bites you.
* * * LOW HITPOINT WARNING * * *
You are lethally poisoned!
The adder poisons you!
You take 3 damage, and have 3/36 hp.
You closely miss the adder.
The adder is almost dead.
* * * LOW HITPOINT WARNING * * *
You feel sick. The adder closely misses you. The adder barely misses you.
You take 1 damage, and have 2/36 hp.
MP restored: 7 It was a potion of lignification.
You turn into a tree.
Your scarf of shadows melds into your body.
Your +2 hat melds into your body.
Your +0 robe of willpower melds into your body.
The dungeon's light returns to normal.
You feel less strong-willed.
Your roots penetrate the ground.
* * * LOW HITPOINT WARNING * * *
You feel sick. The adder bites you but does no damage.
You now have 2/54 hp.
You hit the adder.
You kill the adder!
You feel ready to blink again.
* * * LOW HITPOINT WARNING * * *
You feel sick.
You take 1 damage, and have 1/54 hp.
There is a lethal amount of poison in your body!
You aren't carrying any potions.
Unknown command.
You die...

# ######...# #
#....^..##
#.#####.# # ##.#
##.# #. ##g.#
#..#
#.###.g#####.##
#
###.##..###....#
####.....g##
#....#
.....)....#
#..♣†#
#..#.....##
#..$.#
##.#.....#
#....#
.........#
#....#
##†......#
#....# #.......#
###)##
##...###.# #.#
#..#.# #.# #.#
#....# .# #.#


There were no monsters in sight!

Vanquished Creatures
  A gnoll (D:2)
  An adder (D:2)
  4 dart slugs
  4 endoplasms
  A giant cockroach (D:1)
  4 goblins (D:1)
  7 hobgoblins
  2 jackals (D:1)
  A quokka (D:1)
  3 ball pythons
  2 bats (D:1)
  2 frilled lizards (D:1)
  7 kobolds
  4 rats
43 creatures vanquished.

Vanquished Creatures (collateral kills)
  A gnoll (D:2)
  A frilled lizard (D:2)
2 creatures vanquished.

Grand Total: 45 creatures vanquished

Notes
Turn   | Place    | Note
-------+----------+-------------------------------------------
     0 | D:1      | jasper the Armataur Warper began the quest for the Orb.
     0 | D:1      | Reached XP level 1. HP: 17/17 MP: 3/3
   121 | D:1      | Reached XP level 2. HP: 15/24 MP: 5/5
   408 | D:1      | Found a faded altar of an unknown god.
   484 | D:1      | Reached skill level 4 in Translocations
   610 | D:1      | Reached XP level 3. HP: 27/29 MP: 6/6
   621 | D:1      | Learned a level 2 spell: Blink
   624 | D:1      | Learned a level 2 spell: Lesser Beckoning
  1099 | D:2      | Reached skill level 1 in Stealth
  1111 | D:2      | Reached XP level 4. HP: 12/36 MP: 7/7
  1130 | D:2      | HP: 2/54 [poisoned by an adder]
  1132 | D:2      | Succumbed to an adder's poison

Illustrated notes

Levels and vault maps discovered:
D:1:      dpeg_arrival_round_c, layout_rooms, chequers_ecumenical_altar_twisty
D:2:      layout_rooms

Skill      XL: |  1  2  3 |
---------------+----------+-----
Spellcasting   | 2 |  2.0
Translocations | 4 |  4.0
Long Blades    | 2 |  2.5
Fighting       | 2 |  2.2
Stealth        | 1 |  1.3
Throwing       | |  0.8
Armour         | |  1.2
Dodging        | |  1.3

Action                     |  1- 3 |  4- 6 || total
---------------------------+-------+-------++-------
  Melee: Falchion          |   140 |    11 ||   151
         Tailslap          |    12 |       ||    12
         Punch             |     1 |       ||     1
  Throw: Dart              |     7 |       ||     7
   Cast: Blink             |     3 |     1 ||     4
    Use: Scroll            |     1 |       ||     1
         Potion            |       |     1 ||     1
 Armour: Leather armour    |    32 |       ||    32
         Robe              |    85 |    11 ||    96
         Skin              |       |     1 ||     1
  Dodge: Dodged            |    82 |     3 ||    85

Table legend: (Time is in decaauts)
 A = Elapsed time spent in this place.
 B = Non-inter-level travel time spent in this place.
 C = Inter-level travel time spent in this place.
 D = Time resting spent in this place.
 E = Time spent auto-exploring this place.
 F = Levels seen in this place.
 G = Mean time per level.
                   A        B        C        D        E       F      G
               +--------+--------+--------+--------+--------+-----+--------+
         Total |   1162 |   1136 |     26 |    105 |    586 |   2 |  581.0 |
       Dungeon |   1162 |   1136 |     26 |    105 |    586 |   2 |  581.0 |
               +--------+--------+--------+--------+--------+-----+--------+

Top non-repeatable levels by time:
     D:1: 885 daAuts
     D:2: 277 daAuts
